 Dungeon Crawl Stone Soup version 0.29.0-3-gbb0933ed62 (webtiles) character file.

Game seed: 6226418875621322179

4966 Iusername the Protected (level 10, 0/88 HPs)
             Began as a Minotaur Fighter on Aug 25, 2022.
             Was an Initiate of Dithmenos.
             Slain by a yak (3 damage)
             ... on level 8 of the Dungeon.
             The game lasted 00:20:10 (11795 turns).

Iusername the Protected (Minotaur Fighter)         Turns: 11795, Time: 00:20:10

Health: 0/88       AC: 14    Str: 22    XL:     10   Next: 28%
Magic:  9/9        EV: 12    Int:  9    God:    Dithmenos [......]
Gold:   438        SH:  6    Dex: 18    Spells: 9/9 levels left

rFire   x . .      SeeInvis .   x - +4 short sword of the Iron City of Dis {pain, rC- Will+ rCorr Dex+9}
rCold   . . .      Faith    +   c - +0 buckler
rNeg    . . .      Spirit   .   b - +0 scale mail
rPois   .          Reflect  .   (helmet restricted)
rElec   .          Harm     .   f - +2 cloak
rCorr   +          Rampage  .   m - +0 pair of gloves
Will    +....                   (no boots)
Stlth   +.........              p - amulet of faith
HPRegen 0.24/turn               s - ring of ice
MPRegen 0.11/turn               t - +4 ring of slaying

@: studying Armour
A: horns 2, retaliatory headbutt
a: Renounce Religion


You were on level 8 of the Dungeon.
You worshipped Dithmenos.
Dithmenos was noncommittal.
You visited 2 branches of the dungeon, and saw 9 of its levels.

You collected 438 gold pieces.

Inventory:

Hand Weapons
 a - a +0 trident
 x - the +4 short sword of the Iron City of Dis (weapon) {pain, rC- Will+ rCorr Dex+9}
   (You found it on level 4 of the Dungeon)

   In the hands of one skilled in necromantic magic, it inflicts extra damage on
   living creatures.
   Dex:       It affects your dexterity (+9).
   rC:        It makes you vulnerable to cold.
   rCorr:     It protects you from acid and corrosion.
   Will:      It increases your willpower.
Missiles
 w - 3 boomerangs (quivered)
Armour
 b - a +0 scale mail (worn)
 c - a +0 buckler (worn)
 f - a +2 cloak (worn)
 m - a +0 pair of gloves (worn)
Jewellery
 h - a ring of willpower
 p - an amulet of faith (around neck)
 s - a ring of ice (left hand)
 t - a +4 ring of slaying (right hand)
 y - a ring of ice
Wands
 j - a wand of quicksilver (14)
 r - a wand of paralysis (17)
Scrolls
 i - 2 scrolls of teleportation
 k - a scroll of fog
 l - a scroll of brand weapon
 o - 3 scrolls of amnesia
 q - 2 scrolls of vulnerability
 B - 3 scrolls of identify
 C - a scroll of poison {unknown}
 E - a scroll of silence {unknown}
 F - a scroll of summoning {unknown}
Potions
 d - 2 potions of flight
 e - a potion of resistance {unknown}
 g - 2 potions of heal wounds {unknown}
 n - 4 potions of degeneration {unknown}
 u - a potion of ambrosia {unknown}
 v - 3 potions of cancellation {unknown}
 z - a potion of mutation {unknown}
 A - 2 potions of haste {unknown}


   Skills:
 + Level 7.7 Fighting
 + Level 8.2 Short Blades
 + Level 7.0 Polearms
 + Level 2.5 Throwing
 + Level 11.6 Armour
 + Level 4.9 Dodging
 + Level 2.2 Stealth
 + Level 6.7 Shields


You had 9 spell levels left.
You didn't know any spells.
Your spell library contained the following spells:

 Spells                   Type           Power      Damage    Failure   Level
 Apportation              Tloc           0%         N/A       73%         1
 Necrotise                Necr           0%         1d4       73%         1
 Summon Small Mammal      Summ           0%         N/A       73%         1
 Ozocubu's Armour         Ice            0%         N/A       97%         3
 Ozocubu's Refrigeration  Ice            0%         4d7       100%        7


Dungeon Overview and Level Annotations

Branches:
Dungeon (8/15)             Temple (1/1) D:7
   Lair: D:8-11

Altars:
Ashenzari
Cheibriados
Dithmenos
Fedhas
Hepliaklqana
Makhleb
Qazlal
Sif Muna
Uskayaw
Wu Jian
Yredelemnul
Zin
The Shining One

Shops:
D:3 (*(


Innate Abilities, Weirdness & Mutations

You have a pair of horns on your head.
You reflexively headbutt those who attack you in melee.


Message History

The yak gores you but does no damage. The yak completely misses you.
The yak gores you!
* * * LOW HITPOINT WARNING * * *
You barely miss the yak. You headbutt the yak.
The yak is almost dead.
The yak barely misses you. You furiously retaliate!
You headbutt the yak! The yak misses you. The yak barely misses you.
You hit the yak but do no damage. You headbutt the yak!
You kill the yak!
Dithmenos accepts your kill.
There are monsters nearby!
You feel better. The yak gores you!
* * * LOW HITPOINT WARNING * * *
The yak closely misses you.
You puncture the yak! You headbutt the yak.
The yak is moderately wounded.
The yak gores you!
* * * LOW HITPOINT WARNING * * *
You block the yak's attack. The yak gores you but does no damage.
You hit the yak but do no damage. You headbutt the yak!
The yak is severely wounded.
The yak barely misses you. The yak gores you.
* * * LOW HITPOINT WARNING * * *
The yak closely misses you.
You hit the yak.
The yak is almost dead.
The yak gores you but does no damage. x2; The yak gores you.
* * * LOW HITPOINT WARNING * * *
You puncture the yak!
You kill the yak!
Dithmenos accepts your kill.
You hit the yak.
The yak is lightly wounded.
You block the yak's attack. The yak gores you but does no damage.
You hit the yak.
The yak is lightly wounded.
The yak gores you.
* * * LOW HITPOINT WARNING * * *
The yak gores you.
You die...

...####†#####
#..........#
#####......#
#.#.>..######
#.#.........#
#.#########.#
## ####.#
#####....#
#..†@....#
#....YY).###
#......####
#...### ...
.. .


You could see 2 yaks.

Vanquished Creatures
  Grinder (D:5)
  Prince Ribbit (D:5)
  Sigmund (D:3)
  3 yaks (D:8)
  3 wyverns
  Edmund (D:5)
  Menkaure (D:4)
  2 water moccasins (D:6)
  2 orc warriors
  2 sky beasts
  4 black bears
  4 ice beasts
  2 ogres
  2 centaurs (D:5)
  A phantom (D:4)
  Blork the orc (D:5)
  2 necrophages
  2 bullfrogs
  3 scorpions (D:5)
  3 wights (D:6)
  A hound (D:5)
  5 orc priests
  3 jellies
  2 gnoll boudas (D:5)
  2 iguanas
  Ijyb (D:3)
  9 orc wizards
  Robin (D:3)
  11 adders
  2 shadow imps
  3 white imps
  2 ufetubi (D:5)
  5 worms
  4 dart slugs
  26 orcs
  8 endoplasms
  6 giant cockroaches
  14 goblins
  10 hobgoblins
  10 jackals
  6 kobolds
  7 quokkas
  8 ball pythons
  6 bats
  8 frilled lizards
  12 rats
213 creatures vanquished.

Notes
Turn   | Place    | Note
-------+----------+-------------------------------------------
     0 | D:1      | Iusername the Minotaur Fighter began the quest for the Orb.
     0 | D:1      | Reached XP level 1. HP: 19/19 MP: 0/0
    72 | D:1      | Reached XP level 2. HP: 26/27 MP: 1/1
   135 | D:1      | Reached skill level 4 in Armour
   142 | D:1      | Found a faded altar of an unknown god.
   420 | D:1      | Reached XP level 3. HP: 30/33 MP: 2/2
  2819 | D:2      | Reached XP level 4. HP: 41/41 MP: 3/3
  2989 | D:3      | Noticed a black bear
  2996 | D:3      | Killed a black bear
  2997 | D:3      | Reached skill level 5 in Armour
  2997 | D:3      | Reached XP level 5. HP: 36/47 MP: 4/4
  2998 | D:3      | Noticed Sigmund
  3008 | D:3      | Killed Sigmund
  3009 | D:3      | Reached skill level 5 in Polearms
  3009 | D:3      | Reached skill level 1 in Dodging
  3009 | D:3      | Reached XP level 6. HP: 26/55 MP: 5/5
  3764 | D:3      | Noticed Ijyb
  3770 | D:3      | Paralysed by Ijyb for 3 turns
  3782 | D:3      | Paralysed by Ijyb for 3 turns
  3787 | D:3      | Killed Ijyb
  3893 | D:3      | Found Unabil's Weapon Boutique.
  3966 | D:3      | Found Vimuhoj's Assorted Antiques.
  3967 | D:3      | Found Vochor's Weapon Shoppe.
  3967 | D:3      | Noticed Robin
  3986 | D:3      | Killed Robin
  4516 | D:4      | Reached skill level 5 in Fighting
  5053 | D:4      | Reached skill level 6 in Armour
  5053 | D:4      | Reached XP level 7. HP: 60/61 MP: 6/6
  5139 | D:4      | Noticed Menkaure
  5145 | D:4      | Killed Menkaure
  5146 | D:4      | Reached skill level 1 in Stealth
  5382 | D:4      | Identified the +4 short sword of the Iron City of Dis
                  | {pain, rC- Will+ rCorr Dex+9}
  5409 | D:4      | Identified a scroll of acquirement
  5410 | D:4      | Acquired a manual of Armour
  5598 | D:4      | Reached skill level 5 in Shields
  6063 | D:5      | Entered Level 5 of the Dungeon
  6132 | D:5      | Noticed Blork the orc
  6140 | D:5      | Killed Blork the orc
  6141 | D:5      | Reached skill level 1 in Short Blades
  6227 | D:5      | Reached skill level 7 in Armour
  6268 | D:5      | Reached XP level 8. HP: 42/69 MP: 7/7
  6606 | D:5      | Found a hazy altar of Hepliaklqana.
  6631 | D:5      | Noticed Grinder
  6678 | D:5      | Killed Grinder
  6702 | D:5      | Reached skill level 8 in Armour
  6716 | D:5      | Noticed Prince Ribbit
  6755 | D:5      | Killed Prince Ribbit
  6756 | D:5      | Reached skill level 1 in Throwing
  7076 | D:5      | Reached XP level 9. HP: 47/75 MP: 8/8
  7166 | D:5      | Reached skill level 5 in Short Blades
  8035 | D:5      | Noticed Edmund
  8039 | D:5      | Reached skill level 9 in Armour
  8053 | D:5      | Killed Edmund
  8845 | D:6      | Reached skill level 10 in Armour
 10493 | D:7      | Reached XP level 10. HP: 75/86 MP: 9/9
 11089 | D:7      | Found a staircase to the Ecumenical Temple.
 11102 | Temple   | Entered the Ecumenical Temple
 11200 | Temple   | Became a worshipper of Dithmenos the Shadowed
 11565 | D:8      | Reached skill level 11 in Armour
 11795 | D:8      | HP: 3/88 [yak (6)]
 11795 | D:8      | Slain by a yak

Illustrated notes

Levels and vault maps discovered:
D:1:      minmay_arrival_wavy_path, layout_basic,
          shapermc_ecumenical_altar_acropolis
D:2:      layout_loops_ring, palyth_stone_intersect,
          chequers_serial_rivers_marsh, hangedman_decor_slide_cut
D:3:      minmay_chambers_of_twos, layout_rooms, serial_shops, shop, shop,
          nicolae_shop_bloodbath_and_beyond, uniq_sigmund, uniq_robin, uniq_ijyb
D:4:      layout_cave_pods, st_stairs_2, uniq_menkaure
D:5:      cheibrodos_fzero, layout_loops_ring, lemuel_tele_altar,
          minmay_misc_feat_diagonals, uniq_grinder, uniq_prince_ribbit1,
          uniq_blork_the_orc, uniq_edmund
D:6:      layout_rooms
D:7:      layout_cave_pools, minmay_temple_entry_ruins,
          nicolae_elevator_lobby_plus
D:8:      layout_rooms, serial_shops, nicolae_shop_behind_doors, serial_curves,
          eino_curves_01, eino_curves_04, eino_curves_04
Temple:   mainiacjoe_temple_hex_bubbles

Skill      XL: |  1  2  3  4  5  6  7  8  9 10 |
---------------+-------------------------------+-----
Fighting       | 4 5 6 7 |  7.7
Armour         | 4 5 6 7 8 10 11 | 11.6
Shields        | 4 5 6 |  6.7
Polearms       | 3 4 5 6 7 |  7.0
Dodging        | 1 2 3 4 |  4.9
Stealth        | 1 2 |  2.2
Short Blades   | 1 4 7 8 |  8.2
Throwing       | 1 2 |  2.5

Action                   |  1- 3 |  4- 6 |  7- 9 | 10-12 || total
-------------------------+-------+-------+-------+-------++-------
Melee: Trident           |   114 |   127 |    14 |       ||   255
       Headbutt          |    13 |    15 |    62 |    16 ||   106
       Short sword       |       |       |   265 |    60 ||   325
Throw: Boomerang         |       |       |     9 |       ||     9
  Use: Potion            |       |     2 |     5 |     1 ||     8
       Scroll            |       |     3 |    12 |       ||    15
Armor: Scale mail        |    26 |    95 |   117 |    25 ||   263
Dodge: Dodged            |    38 |    76 |   140 |    38 ||   292
Block: Buckler           |    17 |    36 |    70 |    19 ||   142
